Map: Invader LE

Players

Zarzsz

  • Race: Zerg Zerg
  • League: Platinum

blackxored - Winner!

  • Race: Zerg Zerg
  • League: Diamond

VOD

Have the link to the VOD?

Description

Time

  • Played on: June 30, 2016, 5:30 p.m.
  • Length: 14:09
Show
View Real Time Build Order
Export as new Build Order

Zarzsz Zerg 

Build Orders: Pool First, Lurkers 

Get SALT Encoding   

  12  0:01  Drone  
  13  0:08  Drone  
  14  0:17  Overlord  
  14  0:24  Extractor, Drone  
  15  0:35  Drone  
  15  0:36  Drone  
  15  0:41  Extractor  
  16  0:45  Drone  
  17  0:54  Spawning Pool  
  17  0:56  Drone  
  17  1:21  Hatchery  
  16  1:27  Drone x2  
  18  1:36  Overlord  
  18  1:43  Metabolic Boost  
  18  1:48  Zergling x2  
  19  1:58  Queen  
  21  2:04  Zergling x2  
  21  2:06  Drone  
  23  2:21  Drone  
  23  2:22  Baneling Nest  
  23  2:23  Zergling x2  
  24  2:33  Drone  
  25  2:38  Queen  
  27  2:53  Queen  
  29  3:03  Overlord x2  
  29  3:10  Drone x4  
  32  3:29  Zergling x4  
  32  3:30  Zergling x4  
  32  3:31  Drone x2  
  37  3:50  Drone x8  
  45  4:00  Evolution Chamber  
  45  4:01  Evolution Chamber  
  45  4:02  Baneling x2  
  43  4:24  Roach Warren  
  43  4:25  Baneling  
  43  4:26  Drone x2  
  43  4:27  Drone x6  
  43  4:28  Extractor  
  43  4:29  Extractor  
  48  4:33  Lair  
  48  4:36  Overlord  
  48  4:53  Drone x3  
  51  5:06  Overlord x2  
  51  5:09  Hatchery  
  50  5:18  Spore Crawler  
  49  5:22  Drone x7  
  49  5:24  Spore Crawler  
  49  5:27  Zerg Missile Weapons Level 1  
  55  5:42  Spore Crawler  
  55  5:45  Hydralisk Den  
  49  6:09  Glial Reconstitution  
  49  6:11  Zerg Ground Armor Level 1  
  49  6:12  Overlord x3  
  49  6:15  Muscular Augments  
  49  6:23  Extractor  
  48  6:27  Hydralisk  
  48  6:28  Hydralisk x8  
  67  6:40  Drone x6  
  67  6:42  Spore Crawler  
  71  6:53  Spore Crawler  
  70  6:57  Spore Crawler  
  69  7:13  Drone x9  
  69  7:14  Zergling x6, Drone x2  
  83  7:24  Zerg Missile Weapons Level 2  
  83  7:27  Zergling x12  
  89  7:33  Drone  
  89  7:34  Drone x2  
  89  7:35  Centrifical Hooks  
  92  7:45  Extractor, Spore Crawler  
  92  7:47  Extractor, Spore Crawler  
  92  7:48  Hydralisk x2, Spore Crawler  
  92  7:49  Hydralisk  
  93  8:00  Lurker Den  
  93  8:09  Drone x11  
  104  8:16  Overlord x3  
  104  8:36  Infestation Pit  
  104  8:37  Spine Crawler  
  104  8:40  Baneling, Spine Crawler  
  104  8:41  Baneling x6, Hatchery  
  101  8:44  Overlord  
  100  8:54  Spore Crawler  
  92  8:56  Spore Crawler  
  92  9:02  Hydralisk x2, Roach x2  
  100  9:03  Roach x2  
  102  9:13  Pathogen Glands  
  102  9:17  Drone x3  
  102  9:18  Drone x3  
  102  9:24  Queen  
  110  9:35  Lurker x4  
  114  9:49  Zergling x6  
  114  9:50  Zergling x2, Roach  
  114  9:51  Roach x3  
  126  9:54  Overseer  
  126  9:56  Baneling x5  
  126  10:00  Spore Crawler x3  
  126  10:05  Hydralisk x2  
  126  10:06  Hydralisk  
  129  10:07  Hydralisk  
  129  10:10  Hydralisk  
  129  10:13  Hydralisk  
  135  10:20  Zerg Ground Armor Level 2  
  135  10:45  Overlord  
  135  10:46  Overlord x2  
  84  11:21  Hydralisk x2  
  84  11:22  Hydralisk x6, Roach x4  
  84  11:23  Hydralisk x3, Roach x6  
  84  11:24  Roach  
  84  11:25  Zergling x4  
  127  11:44  Zergling x12  
  120  12:36  Roach x2  
  120  12:37  Roach x13  
  146  12:51  Roach x7  
  136  12:52  Roach x2  
  113  13:05  Overseer  
  106  13:09  Overseer  
  106  13:23  Hydralisk x8  
  122  13:42  Hydralisk x6  
  133  13:56  Hatchery  
Show
View Real Time Build Order
Export as new Build Order

blackxored Zerg - Winner!

Build Orders: Hatch First, Muta Ling Bane 

Get SALT Encoding   

  12  0:01  Drone  
  13  0:08  Drone  
  14  0:17  Overlord  
  14  0:23  Extractor  
  14  0:24  Drone  
  15  0:37  Drone x2  
  17  0:53  Hatchery  
  17  0:56  Drone  
  17  1:01  Drone  
  18  1:11  Extractor  
  17  1:17  Spawning Pool  
  16  1:18  Drone  
  16  1:20  Drone  
  18  1:27  Drone  
  19  1:40  Overlord  
  19  1:48  Drone  
  20  2:03  Queen  
  20  2:04  Zergling x2  
  20  2:05  Queen  
  20  2:06  Zergling x2  
  26  2:09  Spine Crawler  
  26  2:10  Zergling x2  
  26  2:14  Metabolic Boost  
  26  2:21  Drone  
  26  2:22  Drone  
  28  2:31  Drone  
  29  2:37  Baneling Nest  
  29  2:39  Drone x2  
  30  2:54  Drone x3  
  30  2:57  Extractor  
  32  3:00  Zergling x2  
  32  3:04  Zergling x2  
  35  3:20  Baneling x3, Hatchery  
  34  3:28  Drone x2  
  34  3:30  Overlord  
  35  4:00  Drone x8  
  43  4:02  Lair  
  43  4:04  Overlord  
  43  4:14  Spine Crawler  
  43  4:16  Evolution Chamber  
  40  4:20  Drone x3  
  43  4:26  Extractor, Baneling x2  
  43  4:27  Extractor, Baneling x2  
  43  4:29  Drone x2  
  43  4:30  Drone  
  44  4:34  Extractor  
  44  4:36  Drone  
  44  4:37  Drone x3  
  47  4:42  Drone x2  
  49  4:52  Drone  
  50  5:01  Spine Crawler  
  50  5:02  Drone x2  
  50  5:06  Zergling x10  
  56  5:10  Drone  
  56  5:11  Spire  
  56  5:24  Zergling x2  
  57  5:29  Overlord x3  
  57  5:38  Overlord  
  57  5:44  Overseer  
  55  6:04  Drone x13  
  55  6:06  Overlord  
  68  6:24  Mutalisk x3  
  68  6:25  Mutalisk x4  
  82  6:28  Zerg Flyer Weapons Level 1  
  82  6:34  Overlord x4  
  82  6:35  Extractor x2  
  80  6:48  Drone  
  81  6:57  Drone x7  
  81  6:58  Drone  
  89  7:04  Mutalisk  
  89  7:05  Mutalisk x3  
  97  7:13  Zergling x12  
  103  7:16  Centrifical Hooks  
  103  7:26  Drone  
  103  7:27  Drone  
  103  7:29  Overlord  
  105  7:34  Drone, Evolution Chamber  
  105  7:35  Drone, Evolution Chamber  
  105  7:48  Mutalisk x3  
  105  7:49  Mutalisk  
  113  7:53  Overlord  
  113  7:54  Overlord x2  
  113  8:00  Overlord x2  
  113  8:03  Zerg Melee Weapons Level 1, Zerg Ground Armor Level 1  
  113  8:05  Hatchery  
  112  8:07  Drone  
  112  8:08  Infestation Pit  
  112  8:10  Drone  
  113  8:19  Hatchery  
  112  8:23  Queen  
  112  8:25  Drone x3  
  112  8:26  Drone x5  
  116  8:58  Zergling x2  
  116  8:59  Zergling x24  
  116  9:00  Baneling  
  116  9:01  Baneling x20  
  129  9:05  Hatchery  
  129  9:06  Hive  
  126  9:36  Mutalisk x8  
  126  9:37  Mutalisk  
  140  9:45  Drone x3  
  143  9:49  Extractor, Drone x4  
  143  9:50  Drone  
  143  9:51  Extractor  
  146  9:53  Drone  
  146  9:54  Drone x2  
  149  10:01  Drone x2  
  151  10:07  Zergling x2  
  151  10:08  Zergling x26  
  165  10:33  Drone  
  165  10:34  Ultralisk Cavern  
  157  10:54  Adrenal Glands  
  113  11:13  Overseer  
  91  11:26  Overseer x2  
  91  11:29  Zergling x18  
  91  11:30  Zergling x38  
  119  11:33  Chitinous Plating  
  119  11:36  Ultralisk x6  
  119  11:37  Ultralisk  
  160  11:52  Overseer  
  158  12:08  Ultralisk  
  164  12:14  Zergling x2  
  164  12:15  Zergling x6  
  148  12:37  Ultralisk  
  148  12:38  Zergling x6  
  126  12:54  Ultralisk x2  
  127  13:01  Drone x4  
  127  13:02  Drone  
  121  13:23  Zergling x30  
  121  13:24  Queen  
  121  13:25  Queen  
  140  13:35  Drone  
  140  13:44  Hatchery  
  139  13:51  Zergling x14  
  139  13:52  Zergling x6, Hatchery  
Tags
 
Add a new tag
Caveats
  • Supply blocks, unpowered buildings, or Contaminate may cause inaccurate times.
  • Supply counts are checked every 10 seconds.